Cogmind - Beta 13 *** ADVENTURER MODE // 2024.04.11 @ 19:37:49 Player: XorOwl Result: Destroyed by D-53 Grenadier with Mini Grenade Launcher Performance ------------- Evolutions (0) 0 Regions Visited (2) 400 Robots Destroyed (22) 110 Value Destroyed (275) 275 Prototype IDs (0) 0 Alien Tech Used (0) 0 Bonus (0) 0 TOTAL SCORE: 785 Bonus ------- None Cogmind --------- Core Integrity 0/250 Matter 279/300 Energy 100/100 System Corruption 0% Temperature Cool (0) Movement Core (50) Location -10/Mines Parts ------- > --- POWER (1) -------- (None) > --- PROPULSION (2) --- (None) > --- UTILITY (2) ------ Structural Scanner Machine Analyzer > --- WEAPON (2) ------- (None) > --- INVENTORY (5) ---- Sensor Array Signal Interpreter Transport Network Coupler Mining Laser Peak State ------------ > --- POWER ------------ Ion Engine > --- PROPULSION ------- Light Treads Light Treads > --- UTILITY ---------- Terrain Scanner Terrain Scan Processor > --- WEAPON ----------- Heavy Assault Rifle Heavy Assault Rifle > --- INVENTORY -------- Structural Scanner Machine Analyzer Sensor Array Signal Interpreter Transport Network Coupler [Rating: 10] Favorites ----------- Power Ion Engine Engine Ion Engine Propulsion Light Treads Treads Light Treads Utility Terrain Scanner Device Terrain Scanner Storage Medium Matter Pod Processor Terrain Scan Processor Weapon Assault Rifle Ballistic Gun Assault Rifle Launcher Grenade Launcher Build | -11 -10 -10 ------- Run | Yrd Mat Min Slots Evolved . | . . . Power . | . . . Propulsion . | . . . Utility . | . . . Weapon . | . . . Parts Attached 17 | 6 7 4 Power 2 | 1 1 . Engine 2 | 1 1 . Core . | . . . Reactor . | . . . Propulsion 3 | 2 1 . Treads 3 | 2 1 . Leg . | . . . Wheel . | . . . Hover . | . . . Flight . | . . . Utility 7 | 1 3 3 Device 3 | . 2 1 Storage 2 | 1 1 . Processor 2 | . . 2 Hackware . | . . . Protection . | . . . Artifact . | . . . Weapon 5 | 2 2 1 Energy Gun . | . . . Energy Cannon . | . . . Ballistic Gun 4 | 2 2 . Ballistic Cannon . | . . . Launcher 1 | . . 1 Special Weapon . | . . . Impact Weapon . | . . . Slashing Weapon . | . . . Piercing Weapon . | . . . Special Melee Weapon . | . . . Unidentified Prototypes . | . . . Parts Lost 8 | . . 8 Power 1 | . . 1 Propulsion 2 | . . 2 Utility 2 | . . 2 Weapon 3 | . . 3 Highest Loss Streak 5 | . . 5 To Critical Strikes 1 | . . 1 Average Slot Usage (%) 96 | . 99 83 Engine 13 | . 14 9 Treads 26 | . 28 22 Device 15 | . 15 13 Storage 9 | . 11 . Processor 2 | . . 12 Ballistic Gun 26 | . 28 22 Naked Turns . | . . . Heaviest Build 16 | 14 16 12 Greatest Support 40 | 40 40 40 Greatest Overweight (x) . | . . . Average Overweight (x) . | . . . Largest Inventory Capacity 8 | 8 8 5 Average Capacity 5 | 7 5 5 Most Carried 6 | 5 6 5 Average Carried 4 | 2 4 4 Final Capacity 8 | 8 5 5 Final Carried 5 | 5 5 4 Class Distribution -------------------- 100% | Mutant Dominant Class ---------------- Mutant | -10/Materials Mutant | -10/Mines Resources | -11 -10 -10 ----------- Run | Yrd Mat Min Matter Collected 700 | 241 389 70 Remotely . | . . . Salvage Created 746 | . 676 70 Parts 49 | . 49 . Haulers Intercepted 2 | . 2 . Recyclers Shooed 2 | . 2 . Parts Field Recycled . | . . . Retrieved Matter . | . . . Parts Self-Destructed . | . . . Prevented . | . . . Kills | -11 -10 -10 ------- Run | Yrd Mat Min Combat Hostiles Destroyed 17 | . 12 5 Guns 17 | . 12 5 Classes Destroyed 9 | . 8 1 Worker 1 | . 1 . Builder 1 | . 1 . Hauler 2 | . 2 . Recycler 2 | . 2 . Mechanic 1 | . 1 . Watcher 3 | . 3 . Swarmer 9 | . 9 . Grunt 3 | . 3 . Assembled 5 | . . 5 Best Kill Streak 4 | . 4 3 Combat Bots Only 3 | . 3 3 Max Kills in Single Turn 2 | . 2 1 Gunslinging . | . . . Exploded . | . . . Melee . | . . . Uniques/NPCs Destroyed . | . . . Combat | -11 -10 -10 -------- Run | Yrd Mat Min Hostile Shots Fired 120 | . 50 70 Missed 24 | . 13 11 Damage Taken 1090 | . 263 827 Core 254 | . 21 233 Absorbed by Shields . | . . . Ignored by Resistances 318 | . 84 234 Core Remaining (%) 100 | 100 . . Volleys Fired 52 | . 35 17 Largest 2 | . 2 2 Hottest 53 | . 46 53 Shots Fired 96 | . 70 26 Gun 94 | . 70 24 Cannon . | . . . Launcher 2 | . . 2 Special . | . . . Kinetic 94 | . 70 24 Thermal . | . . . Explosive 2 | . . 2 Electromagnetic . | . . . Robot Hit Streak 24 | . 16 24 Robot Miss Streak 1 | . 1 1 Penetration Max . | . . . Secondary Targets 4 | . 3 1 Max Gunslinging Chain 1 | . 1 1 Shots Hit Robots 76 | . 51 25 Core Hits 44 | . 27 17 Critical Kills 1 | . 1 . Critical Parts Destroyed 2 | . 1 1 Critical Strikes 3 | . 2 1 Destroy 3 | . 2 1 Melee Attacks . | . . . Impact . | . . . Slashing . | . . . Piercing . | . . . Sneak Attacks . | . . . Combat Hostiles . | . . . Follow-up Attacks . | . . . Damage Inflicted 1104 | . 699 405 Guns 1051 | . 691 360 Cannons . | . . . Explosions 42 | . . 42 Melee . | . . . Ramming 11 | . 8 3 Kinetic 1051 | . 691 360 Thermal . | . . . Explosive 42 | . . 42 Electromagnetic . | . . . Impact . | . . . Slashing . | . . . Piercing . | . . . Highest Corruption . | . . . Average Corruption . | . . . Corruption Purged . | . . . Corruption Blocked . | . . . Overload Shots . | . . . Overflow Damage . | . . . Projectiles . | . . . Explosions . | . . . Melee . | . . . Knockbacks . | . . . Impact . | . . . Kinetic . | . . . Secondary . | . . . Self-Inflicted Damage . | . . . Shots . | . . . Rammed 3 | . 1 2 Targets Rammed 3 | . 1 2 Kicked . | . . . Crushed . | . . . Highest Temperature 70 | . . 70 Average Temperature 45 | . . 45 Received Heat Transfer 242 | . 84 158 Siege Activations . | . . . Robots Corrupted . | . . . Combat Hostiles . | . . . Parts Fried . | . . . Impact Corruptions . | . . . Robots Melted . | . . . Combat Hostiles . | . . . Parts Melted . | . . . Heat Transferred . | . . . Parts Sabotaged . | . . . Parts Stolen . | . . . Parts Stripped . | . . . Power Chain Reactions . | . . . Alert | -11 -10 -10 ------- Run | Yrd Mat Min Peak Influence 218 | . 218 53 Initial 38 | . . 38 Average 66 | . 81 23 Maximum Alert Level 1 | . 1 . Low Security (%) 99 | 100 99 100 Level 1 . | . . . Level 2 . | . . . Level 3 . | . . . Level 4 . | . . . Level 5 . | . . . High Security . | . . . Max Security . | . . . Squads Dispatched 2 | . 2 . Investigation 2 | . 2 . Extermination . | . . . Reinforcement . | . . . Assault . | . . . Garrison . | . . . Intercept . | . . . Searches Triggered . | . . . Construction Impeded . | . . . Haulers Reinforced . | . . . Active Scanning Responses . | . . . Cargo Convoy Interrupts . | . . . Stealth | -11 -10 -10 --------- Run | Yrd Mat Min Distress Signals 1 | . 1 . Communications Jammed . | . . . Distress Signals . | . . . Times Spotted 37 | . 18 19 Peak Tracking Total 13 | . 4 13 Tactical Retreats 4 | . 1 3 Traps | -11 -10 -10 ------- Run | Yrd Mat Min Traps Triggered 6 | . 6 . Indirectly . | . . . Trap Hack Attempts . | . . . Triggered . | . . . Disarmed . | . . . Reprogrammed . | . . . Reused . | . . . Traps Extracted . | . . . Installed . | . . . Triggered . | . . . Machines | -11 -10 -10 ---------- Run | Yrd Mat Min Machines Disabled . | . . . Max in Single Turn . | . . . Machines Repaired . | . . . Machines Dismantled . | . . . Machines Sabotaged . | . . . Overloaded Fab Kills . | . . . Hacking | -11 -10 -10 --------- Run | Yrd Mat Min Machines Accessed 9 | . 9 . Terminals 8 | . 8 . Fabricators . | . . . Repair Stations . | . . . Recycling Units 1 | . 1 . Scanalyzers . | . . . Garrison Access . | . . . Total Hacks 24 | . 24 . Successful 15 | . 15 . Failed 9 | . 9 . Catastrophic 1 | . 1 . Database Lockouts . | . . . Manual 20 | . 20 . Terminals 22 | . 22 . Fabricators . | . . . Repair Stations . | . . . Recycling Units 2 | . 2 . Scanalyzers . | . . . Garrison Access . | . . . Terminal Hacks 5 | . 5 . Branch Access Points 1 | . 1 . Unreport Threat 1 | . 1 . Hauler Manifests 1 | . 1 . Zone Layout 2 | . 2 . Fabricator Hacks . | . . . Repair Station Hacks . | . . . Recycling Unit Hacks 1 | . 1 . Report Inventory 1 | . 1 . Scanalyzer . | . . . Garrison Access Hacks . | . . . Unauthorized Hacks 9 | . 9 . Terminals 8 | . 8 . Botnet 8 | . 8 . Fabricators . | . . . Repair Stations . | . . . Recycling Units 1 | . 1 . Tunnel 1 | . 1 . Scanalyzers . | . . . Garrison Access . | . . . Data Cores Recovered . | . . . Used . | . . . Hacking Detections 7 | . 7 . Full Trace Events . | . . . Feedback Events . | . . . Feedback Blocked . | . . . Robot Schematics Acquired . | . . . Robots Built . | . . . Authchips . | . . . Time . | . . . Total Robot Build Rating . | . . . Part Schematics Acquired . | . . . Parts Built . | . . . Authchips . | . . . Time . | . . . Total Part Build Rating . | . . . Parts Repaired . | . . . Time . | . . . Parts Recycled . | . . . Recycled Matter . | . . . Retrieved Matter . | . . . Retrieved Components . | . . . Parts Scanalyzed . | . . . Part Schematics Acquired . | . . . Parts Damaged . | . . . Bothacking | -11 -10 -10 ------------ Run | Yrd Mat Min Used RIF Installer . | . . . Robots Hacked . | . . . Non-combat . | . . . Combat . | . . . Robot Hacks Applied . | . . . Relay Couplers Released . | . . . Fabnet Peak Effective % . | . . . Robots Rewired . | . . . Allies Hacked . | . . . Hacks Repelled . | . . . Allies | -11 -10 -10 -------- Run | Yrd Mat Min Total Allies 1 | . . 1 Largest Group 1 | . . 1 Highest-Rated Group 31 | . . 31 Highest-Rated Ally 31 | . . 31 Total Orders . | . . . Ally Attacks 4 | . . 4 Total Damage 53 | . . 53 Kills . | . . . Allies Corrupted . | . . . Allies Melted . | . . . Intel | -11 -10 -10 ------- Run | Yrd Mat Min Robot Analysis Total . | . . . Derelict Logs Recovered 1 | . . 1 Drone Launches . | . . . Drone Recoveries . | . . . Exploration | -11 -10 -10 ------------- Run | Yrd Mat Min Turns Passed 1502 | 81 1142 279 Spaces Moved 758 | 43 626 89 Core 1 | 1 . . Treads 757 | 42 626 89 Legs . | . . . Wheels . | . . . Hover . | . . . Flight . | . . . Fastest Speed 50 | 50 160 160 Average Speed 159 | 157 160 160 Slowest Speed 160 | 160 160 160 Overloaded Moves . | . . . Propulsion Burnouts . | . . . Robots Hopped . | . . . Cave-ins Triggered . | . . . Exploration Rate (%) 36 | 4 86 18 Regions Visited 2 Branch Regions 1 Pre-discovered Areas 1 | . 1 . Known Exits Taken 1 | . 1 . Unknown Exits Taken 1 | 1 . . Scrap Searched . | . . . Spaces Dug . | . . . Terrain Destroyed 14 | . . 14 Melee . | . . . Projectile . | . . . AOE 14 | . . 14 Terrain Rammed . | . . . Walls Destroyed . | . . . Machines Disabled . | . . . Actions | -11 -10 -10 --------- Run | Yrd Mat Min Total 951 | 53 700 198 Wait 91 | . 7 84 Move 756 | 42 625 89 Hop . | . . . Pick Up 19 | 5 12 2 Fast Attach 7 | 6 1 . Attach 5 | . 2 3 Detach . | . . . Swap 5 | . 4 1 Drop 13 | . 13 . Fire 52 | . 35 17 Melee . | . . . Ram . | . . . Kick . | . . . Crush 3 | . 1 2 Escape Stasis . | . . . Rewire . | . . . Trap . | . . . Miscellaneous . | . . . Route ------- -11/Scrapyard -10/Materials (discovered 4 exits: [*Mat x2] / *Min x2) -10/Mines History --------- Turn | Location | Event 59 | -11/Scrapyard | Discovered new exit (range 15) 82 | -11/Scrapyard | Entered Materials 106 | -10/Materials | Discovered new exit (range 5) 311 | -10/Materials | Build established: Mutant 410 | -10/Materials | Discovered new exit (range 15) 774 | -10/Materials | Discovered new exit (range 10) 833 | -10/Materials | Identified exit to Mines 1224 | -10/Materials | Entered Mines 1323 | -10/Mines | Received a Mining Laser from a helpful Derelict 1367 | -10/Mines | Assembled infested the area 1372 | -10/Mines | Assisted by a Guerilla fighting off Assembled 1411 | -10/Mines | Core integrity fell below 50% 1441 | -10/Mines | Lost 5 parts (1p1n2u1w) 1451 | -10/Mines | YI-UF0 nonchalantly dropped a Grenade Launcher on the ground 1500 | -10/Mines | Core integrity fell below 20% 1503 | -10/Mines | Destroyed by D-53 Grenadier with Mini Grenade Launcher Last Messages --------------- T-07 Excavator is excavating. YI-UF0 nonchalantly drops a Grenade Launcher on the ground. Acquired Grenade Launcher. The unstable cave ceiling collapses. YI-UF0 mumbles something. The unstable cave ceiling collapses. YI-UF0 mumbles something. Acquired Mining Laser. U-05 Engineer lays Concrete. Lgt. Treads destroyed. T-07 Excavator destroyed. U-05 Engineer lays Concrete. Destroyed Lgt. Ion Engine. T-07 Excavator destroyed. U-05 Engineer lays Concrete. Hvy. Assault Rifle destroyed. U-05 Engineer lays Concrete. The unstable cave ceiling collapses. Grenade Launcher destroyed. Map ----- +----------------------------------------------------+ | ????????????????????????????????????? | | ????????????????????????????????????? | | ????????????????????????????????????? | | ????????????????????????????????????? | | ????????????????????????????????????? | | ????????????????????????????????????? | | ????????????????????????????????????? | | ????????????????????????????????????? | | ????????????????????????????????????? | | ????????????????????????????????????? | | ????????????????????????? ??????????? | | ?????????????????????#??? # ????????? | | ????????????????#???? # # # ####????? | | ????????????????#??? ### #####????? | | ???????????? #####?#### % ##????? | | ????????????########## #????? | | ??????##????## ? u ? ????? | | #???#?###?#### ? ????## | | ????????????## ##?## ?#?####? | | ??????#?????## ##???# ##????##? | | #???????#???## ####### ######?### | | #??????#????## ####### ####??#?# | | ######??#?### # ######## | | #########?## # ##?#??? | | ? #???### ####### | | ???=%| #??#### d @ ####?## | | ???## ###### d ####### | | ?#?## ##### ###??? | | ??### % ##### | | ???## %% ###### ##?# | | ???######% ######### ### ###? | | ???######* ######## #### ### | | ??????### ###?### ##### ##? | | ????#?## ###?## ##### ##? | | ?????? ##### ##### ### | | ??? ##### ########## | | ???######## ##### ###?####### | | ???######### ##### #######?##??? | | ?????????### ##### #######??###?#? | | ????#???#??# #############???#?###?## | | ??#?#????#?######?###########?###?#?# | | ???#?#????? ###?????#??###########??? | | ????????????#??????????#########??#?? | | ??????????????#?????#??#??###???###?# | | ?????????????????#?????????#???#????? | | ????????????????????????????????????? | | ????????????????????????#???????????? | | ???????????????????????????#????????? | | ????????????????????????????????????? | | ????????????????????????????????????? | +----------------------------------------------------+ Best States ------------- Heat Dissipation 25 Energy Generation 10 Energy Capacity 250 Matter Stores 400 Matter Capacity 400 Sight Range 16 Robot Scan Range 14 Terrain Scan Range 14 Terrain Scan Density 85 Resistance: KI 20 Resistance: TH 20 Resistance: EX 20 Resistance: EM 20 Resistance: I 20 Resistance: S 20 Resistance: P 20 Evasion (%) 40 Recoil Reduction 2 Offensive Hacking 10 Item Schematics ----------------- None Robot Schematics ------------------ None Fabricated ------------ Nothing Alien Tech Used ----------------- None Achievements -------------- None Challenges ------------ None Game ------ Seed NavigationBeamWand Manual? 0 Play Time 00:17:19 Cumulative 50.8 hours Start 2024.04.11 @ 19:20:18 End 2024.04.11 @ 19:37:49 Sessions 1 Manual Loads 0 Difficulty Adventurer Special Mode None Game No. 22 Rogue 0 Adventurer 22 Explorer 0 Win Type - Total 0 Types 0/0/0/0/0/0/0/0/0 Lore% 19 Gallery% 37 Achievement% 32 Wizard Run 0 Options --------- Layout 1 ASCII 0 Keyboard 0 Movement Mouse Keybinds 0 Fullscreen 2 Font 24/Smallcaps Map View 50x35 Zoom Use 0% Tactical HUD 0 Map Filters NONE Filters NONE Steam 1 RUN: f7e9db36-a173-4d1a-a779-e22be7cf0583